 Dungeon Crawl Stone Soup version 0.21.1-1-g345015f (webtiles) character file.

228 n0claF the Ducker (level 5, -5/41 HPs)
             Began as a Demonspawn Gladiator on July 4, 2018.
             Slain by Rwicked's ghost (8 damage)
             ... on level 4 of the Dungeon.
             The game lasted 00:06:49 (2937 turns).

n0claF the Ducker (Demonspawn Gladiator)            Turns: 2937, Time: 00:06:49

Health: -5/41      AC:  8    Str: 15    XL:     5   Next: 70%
Magic:  5/5        EV: 12    Int:  9    God:
Gold:   212        SH:  0    Dex: 15    Spells: 4/4 levels left

rFire    . . .     SeeInvis .   a - +0 quarterstaff
rCold    . . .     Gourm    .   (shield currently unavailable)
rNeg     . . .     Faith    .   g - +0 ring mail
rPois    .         Spirit   .   (helmet restricted)
rElec    .         Reflect  .   t - +0 cloak
rCorr    .         Harm     .   (no gloves)
MR       .....                  (no boots)
Stlth    +.........             (no amulet)
HPRegen  0.13/turn              (no ring)
MPRegen  0.09/turn              (no ring)

@: no status effects
A: antennae 2, slimy green scales 1
a: no special abilities


You were on level 4 of the Dungeon.
You were not hungry.

You visited 1 branch of the dungeon, and saw 4 of its levels.

You collected 212 gold pieces.

Inventory:

Hand Weapons
 a - a +0 quarterstaff (weapon)
Missiles
 d - 3 throwing nets (quivered) {!f}
Armour
 g - a +0 ring mail (worn)
   (You took it off a hobgoblin on level 2 of the Dungeon)
 t - a +0 cloak (worn)
   (You found it on level 2 of the Dungeon)
Jewellery
 s - an uncursed ring of poison resistance {unknown}
   (You found it on level 2 of the Dungeon)
Wands
 v - a wand of digging (10)
   (You took it off Ijyb on level 3 of the Dungeon)
Scrolls
 b - 3 scrolls of remove curse {unknown}
 c - a scroll of teleportation {unknown}
 i - 3 scrolls of fear {unknown}
 k - 6 scrolls of identify {unknown}
 p - a scroll of immolation {unknown}
 q - a scroll of amnesia {unknown}
 u - a scroll of magic mapping {unknown}
 y - a scroll of random uselessness {unknown}
Potions
 f - a potion of lignification {unknown}
 h - a potion of agility {unknown}
 j - a potion of flight {unknown}
 l - 2 potions of degeneration {unknown}
 m - a potion of curing {unknown}
 n - 2 potions of ambrosia {unknown}
 o - a potion of magic {unknown}
 r - a potion of mutation {unknown}
 w - a potion of brilliance {unknown}
Comestibles
 e - 9 rations {!d}
 x - a chunk of flesh


   Skills:
 + Level 3.5 Fighting
 + Level 3.7 Staves
 - Level 1.7 Throwing
 + Level 2.2 Armour
 + Level 3.7 Dodging


You had 4 spell levels left.
You didn't know any spells.

Dungeon Overview and Level Annotations

Branches:
Dungeon (4/15)
 Temple: D:4-7

Altars:
Fedhas
Gozag
Qazlal
Ru
Uskayaw

Annotations:
D:4 Rwicked's ghost, novice DEFE


Innate Abilities, Weirdness & Mutations

You have a pair of antennae on your head.
You are partially covered in slimy green scales. (AC +2)


Message History

You hit the jackal but do no damage. The jackal barely misses you.
The jackal closely misses you.
You closely miss the jackal. The jackal barely misses you.
You barely miss the jackal. The jackal misses you.
The jackal bites you but does no damage.
You hit the jackal. The jackal bites you. The jackal barely misses you.
You closely miss the jackal. The jackal completely misses you.
You hit the jackal but do no damage. The jackal barely misses you. x2
You sock the jackal!
You kill the jackal!
No target in view!
You butcher the jackal corpse.
x - 2 chunks of flesh You see here a jackal skeleton. x2
Eating one of 2 chunks of flesh.
You eat one of the 2 chunks of flesh.
Done exploring.
Done exploring.
Done exploring.
Done exploring.
Done exploring.
There is a stone staircase leading down here.
You climb downwards.
There is a stone staircase leading up here.
Search for what [Enter for "altar", or ? for help]? artef Can't find anything matching that.
You sense a monster nearby.
Rwicked's ghost (novice Deep Elf Fire Elementalist) comes into view.
Rwicked's ghost turns its malevolent gaze towards you.
You sock Rwicked's ghost! Rwicked's ghost hits you.
You hit Rwicked's ghost but do no damage.
Rwicked's ghost hits you but does no damage.
You hit Rwicked's ghost. Rwicked's ghost misses you.
You hit Rwicked's ghost but do no damage.
Rwicked's ghost barely misses you.
You hit Rwicked's ghost.
Rwicked's ghost points at you and mumbles some strange words.
The flame tongue hits you!
You hit Rwicked's ghost. Rwicked's ghost hits you.
You barely miss Rwicked's ghost. Rwicked's ghost casts a spell at you.
The flame tongue hits you!
* * * LOW HITPOINT WARNING * * *
Rwicked's ghost hits you!
* * * LOW HITPOINT WARNING * * *
Okay, then.
You hit Rwicked's ghost but do no damage.
Rwicked's ghost points at you and mumbles some strange words.
The flame tongue misses you.
You sock Rwicked's ghost! Rwicked's ghost hits you!
You die... ################### #.@................ #W################# #. ##

You could see Rwicked's ghost.

Vanquished Creatures
  An ogre (D:3)
  Ijyb (D:3)
  The ghost of dscm the Digger, a weakling OpEE (D:3)
  3 adders
  An ooze (D:1)
  2 dart slugs (D:1)
  2 leopard geckos
  4 orcs (D:3)
  5 goblins
  9 hobgoblins
  6 jackals
  A quokka (D:3)
  3 ball pythons
  5 bats
  3 frilled lizards
  10 kobolds
  15 rats
72 creatures vanquished.

Notes
Turn   | Place    | Note
-------+----------+-------------------------------------------
     0 | D:1      | n0claF the Demonspawn Gladiator began the quest for the Orb.
     0 | D:1      | Reached XP level 1. HP: 16/16 MP: 1/1
   149 | D:1      | Gained mutation: You are partially covered in slimy green scales. (AC +2) [demonic ancestry]
   149 | D:1      | Reached XP level 2. HP: 18/22 MP: 2/2
   456 | D:1      | Reached skill level 1 in Armour
   456 | D:1      | Gained mutation: You have a pair of small antennae on your head. [demonic ancestry]
   456 | D:1      | Reached XP level 3. HP: 23/28 MP: 3/3
   765 | D:2      | Found a sacrificial altar of Ru.
   815 | D:2      | Found a stormy altar of Qazlal.
   910 | D:2      | Found a blossoming altar of Fedhas.
  1601 | D:3      | Gained mutation: You have a pair of antennae on your head. [demonic ancestry]
  1601 | D:3      | Reached XP level 4. HP: 34/34 MP: 4/4
  1607 | D:3      | Noticed an ogre
  1631 | D:3      | Killed an ogre
  1631 | D:3      | Reached XP level 5. HP: 17/41 MP: 5/5
  1840 | D:3      | Noticed a dagger
  1841 | D:3      | Found a hide-covered altar of Uskayaw.
  1842 | D:3      | Noticed a hand axe
  2090 | D:3      | Noticed Ijyb
  2091 | D:3      | Found an opulent altar of Gozag.
  2115 | D:3      | Killed Ijyb
  2609 | D:3      | Noticed dscm's ghost (weakling OpEE)
  2621 | D:3      | Killed dscm's ghost
  2928 | D:4      | Noticed Rwicked's ghost (novice DEFE)
  2937 | D:4      | Slain by Rwicked's ghost

Skill      XL: |  1  2  3  4 |
---------------+-------------+-----
Staves         | 3 |  3.7
Dodging        | 3 |  3.7
Armour         | 1 2 |  2.2
Fighting       | 3 |  3.5
Throwing       | |  1.7

Action                   |  1- 3 |  4- 6 || total
-------------------------+-------+-------++-------
Melee: Quarterstaff      |   143 |   132 ||   275
 Stab: Sleeping          |     1 |       ||     1
  Eat: Chunk             |     2 |     5 ||     7
Armor: Leather armour    |    42 |       ||    42
       Ring mail         |    28 |    45 ||    73
Dodge: Dodged            |   135 |    73 ||   208
